 Dungeon Crawl Stone Soup version 0.21.1-1-g345015f (webtiles) character file.

3235 SedStubbie the Vexing (level 9, -9/68 HPs)
             Began as a Gnoll Arcane Marksman on June 29, 2018.
             Mangled by a two-headed ogre
             ... wielding a +0 giant club
              (19 damage)
             ... on level 9 of the Dungeon on July 7, 2018.
             The game lasted 00:43:42 (11202 turns).

SedStubbie the Vexing (Gnoll Arcane Marksman)      Turns: 11202, Time: 00:43:43

Health: -9/68      AC:  2    Str: 13    XL:     9   Next: 98%
Magic:  0/17       EV: 16    Int: 17    God:
Gold:   337        SH:  0    Dex: 17    Spells: 10/19 levels left

rFire    . . .     SeeInvis .   b - +1 dagger (elec)
rCold    . . .     Gourm    .   (no shield)
rNeg     . . .     Faith    .   e - +0 robe
rPois    .         Spirit   +   (no helmet)
rElec    .         Reflect  .   l - scarf {Spirit}
rCorr    .         Harm     .   (no gloves)
MR       .....                  (no boots)
Stlth    +++.......             q - amulet of regeneration
HPRegen  1.61/turn              (no ring)
MPRegen  0.15/turn              (no ring)

@: very slightly contaminated, regenerating, drained
A: distributed training, fangs 1, strong nose
a: no special abilities


You were on level 9 of the Dungeon.
You were not hungry.

You visited 1 branch of the dungeon, and saw 9 of its levels.
You also visited: Ossuary.

You collected 473 gold pieces.
You spent 136 gold pieces at shops.

Inventory:

Hand Weapons
 a - a +1 shortbow of flaming
 b - a +1 dagger of electrocution (weapon)
Missiles
 d - 103 arrows
 o - 36 bolts
 p - 2 exploding tomahawks (quivered)
Armour
 e - a +0 robe (worn)
 l - a scarf of spirit shield (worn)
 s - a cursed +0 cloak
Jewellery
 q - an amulet of regeneration (around neck)
Wands
 w - a wand of paralysis (32)
 y - a wand of flame (16)
 A - a wand of polymorph (17)
 H - a wand of iceblast (6)
 I - a wand of digging (11)
Scrolls
 h - a scroll of magic mapping
 j - 7 scrolls of remove curse
 n - 2 scrolls of identify
 r - 3 scrolls of teleportation
 F - a scroll of amnesia
Potions
 g - a potion of degeneration {unknown}
 k - a potion of cancellation {unknown}
 u - a potion of invisibility
 x - 3 potions of might
 z - a potion of resistance
 B - 2 potions of haste
 C - a potion of lignification {unknown}
 D - a potion of brilliance {unknown}
 G - a potion of heal wounds {unknown}
Books
 c - a book of Debilitation

   Spells                             Type                      Level
   a - Corona                         Hexes                        1
   b - Slow                           Hexes                        2
   c - Inner Flame                    Hexes/Fire                   3
   d - Portal Projectile              Hexes/Translocation          3
   e - Cause Fear                     Hexes                        4
   f - Leda's Liquefaction            Hexes/Earth                  4
 i - a book of Cantrips

   Spells                             Type                      Level
   a - Confusing Touch                Hexes                        1
   b - Animate Skeleton               Necromancy                   1
   c - Summon Small Mammal            Summoning                    1
   d - Apportation                    Translocation                1
 m - a book of Necromancy

   Spells                             Type                      Level
   a - Pain                           Necromancy                   1
   b - Animate Skeleton               Necromancy                   1
   c - Vampiric Draining              Necromancy                   3
   d - Regeneration                   Charms/Necromancy            3
   e - Animate Dead                   Necromancy                   4
   f - Borgnjor's Vile Clutch         Necromancy/Earth             5
 t - a book of Minor Magic

   Spells                             Type                      Level
   a - Magic Dart                     Conjuration                  1
   b - Blink                          Translocation                2
   c - Call Imp                       Summoning                    2
   d - Slow                           Hexes                        2
   e - Conjure Flame                  Conjuration/Fire             3
   f - Mephitic Cloud                 Conjuration/Poison/Air       3
 E - a book of Callings

   Spells                             Type                      Level
   a - Summon Small Mammal            Summoning                    1
   b - Call Imp                       Summoning                    2
   c - Call Canine Familiar           Summoning                    3
   d - Summon Guardian Golem          Hexes/Summoning              3
   e - Summon Lightning Spire         Summoning/Air                4
   f - Summon Ice Beast               Ice/Summoning                4
Comestibles
 f - 12 rations
 v - a chunk of flesh


   Skills:
 + Level 5.4(4.6) Fighting
 + Level 4.6(3.9) Short Blades
 + Level 4.6(3.9) Long Blades
 + Level 4.6(3.9) Axes
 + Level 4.6(3.9) Maces & Flails
 + Level 4.6(3.9) Polearms
 + Level 4.6(3.9) Staves
 + Level 4.6(3.9) Slings
 + Level 6.6(5.8) Bows
 + Level 4.6(3.9) Crossbows
 + Level 4.6(3.9) Throwing
 + Level 4.6(3.9) Armour
 + Level 6.6(5.8) Dodging
 + Level 4.6(3.9) Stealth
 + Level 4.6(3.9) Shields
 + Level 4.6(3.9) Unarmed Combat
 + Level 5.5(4.7) Spellcasting
 + Level 3.8(3.1) Conjurations
 + Level 6.7(5.9) Hexes
 + Level 3.8(3.1) Charms
 + Level 3.8(3.1) Summonings
 + Level 3.8(3.1) Necromancy
 + Level 3.8(3.1) Translocations
 + Level 3.8(3.1) Transmutations
 + Level 3.8(3.1) Fire Magic
 + Level 3.8(3.1) Ice Magic
 + Level 3.8(3.1) Air Magic
 + Level 3.8(3.1) Earth Magic
 + Level 3.8(3.1) Poison Magic
 + Level 5.1(4.4) Invocations
 + Level 4.6(3.9) Evocations


You had 10 spell levels left.
You knew the following spells:

 Your Spells              Type           Power        Failure   Level  Hunger
a - Corona                Hex            ###....      1%          1    None
b - Animate Skeleton      Necr           N/A          4%          1    None
c - Confusing Touch       Hex            ###...       1%          1    None
d - Regeneration          Chrm/Necr      ##........   12%         3    ###....
e - Mephitic Cloud        Conj/Pois/Air  ##......     12%         3    ###....


Dungeon Overview and Level Annotations

Branches:
Dungeon (9/15)             Temple (0/1) D:6
   Lair: D:8-11         Orc: D:9-12

Altars:
Okawaru

Shops:
D:6 *

Annotations:
D:4 Edmund
D:9 Erolcha


Innate Abilities, Weirdness & Mutations

Your experience applies equally to all skills.
You have very sharp teeth.
Your uncanny sense of smell can sniff out nearby items.


Message History

You bite the two-headed ogre.
The two-headed ogre is lightly wounded.
The two-headed ogre hits you with a giant club!!
The two-headed ogre hits you with a giant club!
You hit the two-headed ogre but do no damage.
Lightning courses through the two-headed ogre!
Your bite misses the two-headed ogre.
The two-headed ogre is moderately wounded.
A quokka skeleton comes into view.
You hit the two-headed ogre but do no damage.
Your bite misses the two-headed ogre.
The two-headed ogre is moderately wounded.
The two-headed ogre hits you with a giant club!
The two-headed ogre misses you.
You hit the two-headed ogre.
The two-headed ogre is moderately wounded.
The two-headed ogre hits you with a giant club!!
* * * LOW HITPOINT WARNING * * *
The two-headed ogre hits you with a giant club!!
You die...

#+# ###### ...∆
##### #...... ###
#.... ....# #......
..# #.F... ....#
#......#####.#
#l....O ....#
#........ ...#
####....?.# ....#
#.......# #..#...
+......# ....#
#..<....###.§#.####.
....+
...(.....@O§§..Z....
....#
##.###.###)§#?#+##.
....# #.# #.# #..#
.. ##### #.# #.#
#..# ..O∆
##########.###.#
#........%
...............#
#.###...z.
...........##..# #..
....
#############..# ###
## ##.#


You could see a two-headed ogre and a quokka skeleton.

Vanquished Creatures
  A hippogriff (D:9)
  A water moccasin (D:8)
  2 ice beasts
  2 sky beasts
  2 ogres
  3 phantoms
  3 centaurs
  A bullfrog (D:8)
  A scorpion (D:9)
  12 killer bees
  A howler monkey (D:7)
  2 wights (D:9)
  The ghost of dscm the Digger, a weakling OpEE (D:3)
  2 bullfrog zombies
  A crimson imp (D:6)
  2 hounds
  3 quasits
  A gnoll shaman (D:7)
  3 orc priests
  Crazy Yiuf (D:3)
  4 orc wizards
  2 iguanas (D:6)
  5 worker ants
  A worker ant zombie (D:7)
  Robin (D:4)
  12 gnolls
  5 adders
  2 shadow imps
  An ooze (D:1)
  An adder zombie (D:7)
  3 worms
  3 dart slugs (D:2)
  5 leopard geckos
  12 orcs
  2 ball pythons
  13 bats
  9 giant cockroaches
  16 goblins
  10 hobgoblins
  4 jackals (D:1)
  10 kobolds
  5 quokkas
  7 frilled lizards
  A leopard gecko skeleton (D:8)
  10 rats
189 creatures vanquished.

Vanquished Creatures (collateral kills)
  An ogre (D:6)
  A killer bee (D:7)
  An orc (D:7)
3 creatures vanquished.

Grand Total: 192 creatures vanquished

Notes
Turn   | Place    | Note
-------+----------+-------------------------------------------
     0 | D:1      | SedStubbie the Gnoll Arcane Marksman began the quest for the Orb.
     0 | D:1      | Reached XP level 1. HP: 17/17 MP: 4/4
    40 | D:1      | Reached XP level 2. HP: 23/23 MP: 5/5
   587 | D:1      | Reached XP level 3. HP: 24/28 MP: 7/7
  1084 | D:1      | Reached skill level 1 in Invocations
  1523 | D:2      | Reached skill level 1 in Short Blades
  1523 | D:2      | Reached skill level 1 in Long Blades
  1523 | D:2      | Reached skill level 1 in Axes
  1523 | D:2      | Reached skill level 1 in Maces & Flails
  1523 | D:2      | Reached skill level 1 in Polearms
  1523 | D:2      | Reached skill level 1 in Staves
  1523 | D:2      | Reached skill level 1 in Slings
  1523 | D:2      | Reached skill level 1 in Crossbows
  1523 | D:2      | Reached skill level 1 in Throwing
  1523 | D:2      | Reached skill level 1 in Armour
  1523 | D:2      | Reached skill level 1 in Stealth
  1523 | D:2      | Reached skill level 1 in Shields
  1523 | D:2      | Reached skill level 1 in Unarmed Combat
  1523 | D:2      | Reached skill level 1 in Evocations
  1597 | D:2      | Reached XP level 4. HP: 34/34 MP: 8/8
  1617 | D:2      | Reached skill level 1 in Conjurations
  1617 | D:2      | Reached skill level 1 in Charms
  1617 | D:2      | Reached skill level 1 in Summonings
  1617 | D:2      | Reached skill level 1 in Necromancy
  1617 | D:2      | Reached skill level 1 in Translocations
  1617 | D:2      | Reached skill level 1 in Transmutations
  1617 | D:2      | Reached skill level 1 in Fire Magic
  1617 | D:2      | Reached skill level 1 in Ice Magic
  1617 | D:2      | Reached skill level 1 in Air Magic
  1617 | D:2      | Reached skill level 1 in Earth Magic
  1617 | D:2      | Reached skill level 1 in Poison Magic
  1763 | D:2      | Learned a level 1 spell: Animate Skeleton
  1912 | D:2      | Reached XP level 5. HP: 40/40 MP: 9/9
  3058 | D:3      | Noticed dscm's ghost (weakling OpEE)
  3072 | D:3      | Killed dscm's ghost
  3079 | D:3      | Reached XP level 6. HP: 16/47 MP: 3/10
  3390 | D:3      | Found a runed door.
  3394 | D:3      | Noticed Crazy Yiuf
  3403 | D:3      | Killed Crazy Yiuf
  4356 | D:4      | Noticed a phantom
  4391 | D:4      | Killed a phantom
  4391 | D:4      | Reached skill level 5 in Bows
  4391 | D:4      | Reached skill level 5 in Dodging
  4483 | D:4      | Noticed Robin
  4487 | D:4      | Killed Robin
  4644 | D:4      | Reached XP level 7. HP: 52/52 MP: 12/12
  4761 | D:4      | Noticed Edmund
  5078 | D:5      | Entered Level 5 of the Dungeon
  5414 | D:5      | Found a sand-covered staircase.
  5421 | Ossuary  | Entered an ossuary
  5677 | D:5      | Found a transporter.
  5791 | D:5      | Found a transporter.
  5791 | D:5      | Noticed a fire bat
  5797 | D:5      | Noticed a fire bat
  6498 | D:6      | Found an iron altar of Okawaru.
  6674 | D:6      | Learned a level 1 spell: Confusing Touch
  6750 | D:6      | Found Joun's General Store.
  6816 | D:6      | Bought a scroll of teleportation for 39 gold pieces
  6816 | D:6      | Bought a scroll of enchant weapon for 97 gold pieces
  6925 | D:6      | Reached XP level 8. HP: 27/60 MP: 9/14
  7558 | D:6      | Found a staircase to the Ecumenical Temple.
  8737 | D:7      | Learned a level 3 spell: Regeneration
  8926 | D:7      | Reached XP level 9. HP: 66/66 MP: 16/16
  9736 | D:8      | Reached skill level 5 in Spellcasting
  9776 | D:8      | Noticed a queen bee
  9985 | D:8      | Reached skill level 5 in Fighting
 10684 | D:9      | Noticed Erolcha
 10985 | D:9      | Learned a level 3 spell: Mephitic Cloud
 11006 | D:9      | Reached skill level 5 in Invocations
 11189 | D:9      | Noticed a two-headed ogre
 11202 | D:9      | Mangled by a two-headed ogre

Skill      XL: |  1  2  3  4  5  6  7  8  9 |
---------------+----------------------------+-----
Invocations    | 1 2 3 4 5 |  5.1
Short Blades   | 1 2 3 4 |  4.6
Long Blades    | 1 2 3 4 |  4.6
Axes           | 1 2 3 4 |  4.6
Maces & Flails | 1 2 3 4 |  4.6
Polearms       | 1 2 3 4 |  4.6
Staves         | 1 2 3 4 |  4.6
Slings         | 1 2 3 4 |  4.6
Crossbows      | 1 2 3 4 |  4.6
Throwing       | 1 2 3 4 |  4.6
Armour         | 1 2 3 4 |  4.6
Stealth        | 1 2 3 4 |  4.6
Shields        | 1 2 3 4 |  4.6
Unarmed Combat | 1 2 3 4 |  4.6
Evocations     | 1 2 3 4 |  4.6
Spellcasting   | 3 4 5 |  5.5
Conjurations   | 1 2 3 |  3.8
Charms         | 1 2 3 |  3.8
Summonings     | 1 2 3 |  3.8
Necromancy     | 1 2 3 |  3.8
Translocations | 1 2 3 |  3.8
Transmutations | 1 2 3 |  3.8
Fire Magic     | 1 2 3 |  3.8
Ice Magic      | 1 2 3 |  3.8
Air Magic      | 1 2 3 |  3.8
Earth Magic    | 1 2 3 |  3.8
Poison Magic   | 1 2 3 |  3.8
Fighting       | 3 4 5 |  5.4
Bows           | 5 6 |  6.6
Dodging        | 5 6 |  6.6
Hexes          | 6 |  6.7

Action                   |  1- 3 |  4- 6 |  7- 9 || total
-------------------------+-------+-------+-------++-------
Melee: Unarmed           |   114 |       |       ||   114
       Bite              |    14 |    12 |    29 ||    55
       Dagger            |    13 |   164 |   354 ||   531
       Short sword       |     7 |       |       ||     7
       Punch             |       |     3 |     2 ||     5
 Fire: Shortbow          |    32 |    28 |   133 ||   193
Throw: Tomahawk          |       |     1 |     4 ||     5
 Cast: Animate Skeleton  |       |    10 |     7 ||    17
       Corona            |       |     1 |     1 ||     2
       Confusing Touch   |       |       |     6 ||     6
       Regeneration      |       |       |    16 ||    16
       Mephitic Cloud    |       |       |     2 ||     2
Evoke: Wand              |       |       |     1 ||     1
  Use: Scroll            |       |     6 |    13 ||    19
       Potion            |       |       |     6 ||     6
 Stab: Sleeping          |     2 |     9 |     4 ||    15
       Confused          |       |       |     1 ||     1
  Eat: Chunk             |     2 |    10 |    12 ||    24
       Ration            |       |       |     3 ||     3
Armor: Robe              |    32 |    11 |    48 ||    91
Dodge: Dodged            |    85 |   104 |   403 ||   592
